 Dungeon Crawl Stone Soup version 0.28-a0-261-gc0b50483a2 (webtiles) character file.

Game seed: 17180968313304034963

2131 PentaManta the Grappler (level 9, -2/70 HPs)
             Began as a Ghoul Abyssal Knight on Aug 27, 2021.
             Was a Priest of Lugonu.
             Slain by a steam dragon (4 damage)
             ... on level 7 of the Dungeon.
             The game lasted 00:12:27 (8503 turns).

PentaManta the Grappler (Ghoul Abyssal Knight)      Turns: 8503, Time: 00:12:27

Health: -2/70      AC:  9    Str: 19    XL:     9   Next: 30%
Magic:  13/13      EV: 10    Int:  7    God:    Lugonu [***...]
Gold:   331        SH:  4    Dex:  8    Spells: 8/8 levels left

rFire   . . .      SeeInvis .     - Unarmed
rCold   + . .      Faith    .   b - +0 buckler
rNeg    + + +      Spirit   .   F - +4 ring mail {Will+}
rPois   ∞          Reflect  .   (no helmet)
rElec   .          Harm     .   k - scarf {+Inv}
rCorr   .          Rampage  .   (no gloves)
Will    +....                   (no boots)
Stlth   ..........              (no amulet)
HPRegen 0.00/turn               (no ring)
MPRegen 0.13/turn               (no ring)

@: inhibited regen
A: claws 1, cold resistance 1, negative energy resistance 3, inhibited
regeneration, torment resistance 2
a: Renounce Religion, Evoke Invisibility, Depart the Abyss, Bend Space, Banish


You were on level 7 of the Dungeon.
You worshipped Lugonu.
Lugonu was most pleased with you.
You visited 1 branch of the dungeon, and saw 7 of its levels.
You visited the Abyss 1 time.

You collected 331 gold pieces.

Inventory:

Hand Weapons
 a - a +1 short sword of venom
Missiles
 h - a curare-tipped dart
 n - 28 poisoned darts (quivered)
 C - a throwing net
Armour
 b - a +0 buckler (worn)
 k - a scarf of invisibility (worn)
 v - a +0 tower shield
 y - a +0 scale mail of cold resistance
 F - a +4 ring mail of willpower (worn)
Jewellery
 d - a ring of resist corrosion
 w - a +6 ring of strength
Wands
 u - a wand of charming (5)
 x - a wand of acid (9)
Scrolls
 e - a scroll of magic mapping {unknown}
 f - a scroll of summoning {unknown}
 j - a scroll of holy word {unknown}
 o - 2 scrolls of enchant weapon {unknown}
 q - a scroll of noise {unknown}
 r - 5 scrolls of identify {unknown}
 s - 2 scrolls of teleportation {unknown}
 t - 3 scrolls of fog {unknown}
 z - a scroll of immolation {unknown}
 A - 2 scrolls of amnesia {unknown}
 B - a scroll of fear {unknown}
 D - a scroll of acquirement {unknown}
Potions
 c - 2 potions of haste
 g - a potion of flight {unknown}
 i - a potion of brilliance {unknown}
 l - a potion of berserk rage
 m - a potion of might {unknown}
 p - a potion of invisibility {unknown}
 E - a potion of attraction {unknown}


   Skills:
 - Level 3.2 Fighting
 - Level 1.7 Armour
 - Level 0.8 Dodging
 - Level 4.0 Shields
 - Level 10.1 Unarmed Combat
 + Level 7.3 Invocations


You had 8 spell levels left.
You didn't know any spells.
Your spell library contained the following spells:

 Spells                   Type           Power      Damage    Failure   Level
 Magic Dart               Conj           0%         1d3       63%         1
 Searing Ray              Conj           0%         3d3       77%         2
 Fulminant Prism          Conj/Hex       0%         3d6       100%        4


Dungeon Overview and Level Annotations

Branches:
Dungeon (7/15)             Temple (0/1) D:4

Altars:
Dithmenos

Annotations:
D:4 4 runed translucent doors, Crazy Yiuf; quell's ghost, amateur HuBe
D:7 Prince Ribbit


Innate Abilities, Weirdness & Mutations

You thrive by killing the living.
You are immune to poison.
You have sharp fingernails.
Your flesh is cold resistant. (rC+)
You are immune to negative energy. (rN+++)
You do not regenerate when monsters are visible.
You are immune to unholy pain and torment.


Message History

You are engulfed in a cloud of scalding steam.
The steam dragon bites you. The steam dragon barely misses you.
You barely miss the steam dragon.
The steam dragon is almost dead.
You are engulfed in a cloud of scalding steam.
The steam dragon bites you but does no damage.
The steam dragon barely misses you.
You closely miss the steam dragon.
The steam dragon is almost dead.
The steam dragon bites you.
The steam dragon claws you but does no damage.
Prince Ribbit comes into view.
You barely miss the steam dragon.
The steam dragon is almost dead.
You scratch the steam dragon but do no damage.
The steam dragon is almost dead.
The steam dragon closely misses you. The steam dragon barely misses you.
You barely miss the steam dragon.
The steam dragon is almost dead.
Prince Ribbit winks and puckers his lips.
The steam dragon breathes steam at you. The ball of steam hits you!
You hear a shout!
You hear a howl!
You barely miss the steam dragon.
The steam dragon is almost dead.
You are engulfed in a cloud of scalding steam.
The steam dragon breathes steam at you. The ball of steam hits you!!
* * * LOW HITPOINT WARNING * * *
You hear a howl!
The steam dragon bites you.
* * * LOW HITPOINT WARNING * * *
The steam dragon claws you.
* * * LOW HITPOINT WARNING * * *
Unknown command.
Okay, then.
It was a potion of berserk rage.
You feel slightly irritated.
Prince Ribbit is engulfed in a cloud of scalding steam.
The steam dragon bites you.
You die...

### .. .§## #. #
# ##..###. ..
#.##§§..#.# ..
##.#§......##.#
##......§......#
....#....§.§#
.........§F@#
#.###...##D#
####.###.#
#...<# #..
#.#### ###. # ..
##


You could see Prince Ribbit and a steam dragon (catching breath).

Vanquished Creatures
  Sigmund (D:5)
  Eustachio (D:5)
  A steam dragon (D:6)
  Menkaure (D:6)
  A water moccasin (D:6)
  Duvessa (D:6)
  A sky beast (D:6)
  A necrophage (D:6)
  2 ogres
  2 kobold brigands
  A gnoll sergeant (D:6)
  A scorpion (D:5)
  Dowan (D:6)
  A water moccasin skeleton (D:6)
  A howler monkey (D:4)
  A bullfrog zombie (D:5)
  A hound (D:6)
  3 orc priests
  A bullfrog skeleton (D:5)
  3 jellies
  An iguana (D:4)
  3 orc wizards
  6 gnolls
  6 adders
  2 ufetubi
  An adder skeleton (D:5)
  A worm (D:3)
  5 dart slugs
  11 orcs
  6 endoplasms
  7 giant cockroaches
  7 hobgoblins
  7 jackals
  18 kobolds
  A quokka (D:3)
  4 ball pythons
  4 bats
  6 frilled lizards
  7 goblins
  2 rats
131 creatures vanquished.

Vanquished Creatures (others)
  A gnoll (D:4)
1 creature vanquished.

Grand Total: 132 creatures vanquished

Notes
Turn   | Place    | Note
-------+----------+-------------------------------------------
     0 | Abyss:1  | PentaManta the Ghoul Abyssal Knight began the quest for the
                  | Orb.
     0 | Abyss:1  | Reached XP level 1. HP: 19/19 MP: 1/1
    47 | Abyss:1  | Noticed a thrashing horror
    49 | D:1      | Escaped the Abyss
   319 | D:1      | Reached XP level 2. HP: 26/26 MP: 2/2
   383 | D:1      | Reached skill level 1 in Shields
   548 | D:1      | Reached skill level 3 in Unarmed Combat
   601 | D:1      | Reached XP level 3. HP: 31/31 MP: 3/3
   755 | D:2      | Reached * piety under Lugonu
   864 | D:2      | Found a shadowy altar of Dithmenos.
   979 | D:2      | Found a faded altar of an unknown god.
  1067 | D:2      | Reached XP level 4. HP: 38/38 MP: 4/4
  2370 | D:3      | Reached skill level 4 in Unarmed Combat
  3048 | D:4      | Reached ** piety under Lugonu
  3084 | D:4      | Reached XP level 5. HP: 31/45 MP: 5/5
  3254 | D:4      | Found a staircase to the Ecumenical Temple.
  3432 | D:4      | Found a runed translucent door.
  3433 | D:4      | Noticed Crazy Yiuf
  3546 | D:4      | Noticed quell's ghost (amateur HuBe)
  3919 | D:4      | Found a runed translucent gate.
  3921 | D:4      | Found a runed translucent gate.
  3922 | D:4      | Found a runed translucent gate.
  4201 | D:5      | Entered Level 5 of the Dungeon
  4429 | D:5      | Noticed Sigmund
  4491 | D:6      | Noticed a sky beast
  4661 | D:4      | Reached skill level 5 in Unarmed Combat
  4743 | D:4      | Reached XP level 6. HP: 26/51 MP: 6/6
  4937 | D:5      | Noticed Eustachio
  4957 | D:4      | Reached skill level 6 in Unarmed Combat
  4976 | D:5      | Killed Eustachio
  4977 | D:5      | Reached skill level 7 in Unarmed Combat
  4977 | D:5      | Reached XP level 7. HP: 13/57 MP: 7/7
  5560 | D:5      | Reached skill level 8 in Unarmed Combat
  6000 | D:5      | Killed Sigmund
  6001 | D:5      | Reached skill level 9 in Unarmed Combat
  6001 | D:5      | Reached XP level 8. HP: 56/63 MP: 8/8
  6524 | D:6      | Noticed Menkaure
  6872 | D:6      | Reached skill level 10 in Unarmed Combat
  7082 | D:5      | Reached *** piety under Lugonu
  7476 | D:6      | Killed Menkaure
  7909 | D:6      | Reached skill level 5 in Invocations
  7912 | D:6      | Reached XP level 9. HP: 60/70 MP: 10/12
  7975 | D:6      | Noticed Dowan
  7975 | D:6      | Noticed Duvessa
  8012 | D:6      | Killed Duvessa
  8070 | D:6      | Killed Dowan
  8497 | D:7      | Noticed Prince Ribbit
  8502 | D:7      | HP: 2/70 [steam dragon (5)]
  8503 | D:7      | Slain by a steam dragon

Illustrated notes

Levels and vault maps discovered:
D:1:      dpeg_arrival_line_fractal, layout_basic
D:2:      layout_loops_corners, basic_altar, dreamdust_ecumenical_altar_grove
D:3:      minmay_wonky_spiral, layout_loops_corners
D:4:      layout_basic, minmay_temple_entry_large_hall, gammafunk_ghost_icy,
          serial_park_tiny_2, uniq_crazy_yiuf_cottage
D:5:      layout_cave_pods, uniq_sigmund, uniq_eustachio
D:6:      layout_basic, uniq_duvessa, uniq_menkaure
D:7:      layout_loops_ring, hellmonk_guarded_unrand_lears, uniq_prince_ribbit1,
          uniq_harold

Skill      XL: |  1  2  3  4  5  6  7  8  9 |
---------------+----------------------------+-----
Shields        | 1 2 4 |  4.0
Unarmed Combat | 3 4 5 7 9 10 | 10.1
Invocations    | 5 7 |  7.3
Fighting       | |  3.2
Armour         | |  1.7
Dodging        | |  0.8

Action                   |  1- 3 |  4- 6 |  7- 9 || total
-------------------------+-------+-------+-------++-------
Melee: Unarmed           |    80 |   267 |   224 ||   571
       Punch             |       |     2 |     1 ||     3
Throw: Dart              |       |     1 |     6 ||     7
Invok: Depart the Abyss  |     1 |       |       ||     1
Evoke: Wand              |       |     1 |       ||     1
  Use: Potion            |       |     2 |     2 ||     4
Armor: Ring mail         |    12 |       |    24 ||    36
       Chain mail        |    16 |   134 |    61 ||   211
Dodge: Dodged            |    18 |    90 |    66 ||   174
Block: Buckler           |    12 |    21 |    25 ||    58

Table legend: (Time is in decaauts)
 A = Elapsed time spent in this place.
 B = Non-inter-level travel time spent in this place.
 C = Inter-level travel time spent in this place.
 D = Time resting spent in this place.
 E = Time spent auto-exploring this place.
 F = Levels seen in this place.
 G = Mean time per level.
                   A        B        C        D        E       F      G
               +--------+--------+--------+--------+--------+-----+--------+
         Total |   8444 |   8188 |    256 |   2161 |   4518 |   8 | 1055.5 |
       Dungeon |   8395 |   8139 |    256 |   2161 |   4518 |   7 | 1199.3 |
         Abyss |     48 |     48 |      0 |      0 |      0 |   1 |   48.0 |
               +--------+--------+--------+--------+--------+-----+--------+

Top non-repeatable levels by time:
     D:5: 2545 daAuts
     D:3: 1600 daAuts
     D:4: 1550 daAuts
     D:6: 1151 daAuts
     D:2: 954 daAuts
     D:1: 576 daAuts
 Abyss:1: 48 daAuts
     D:7: 18 daAuts
